 Dungeon Crawl Stone Soup version 0.28.0-53-g5a82cb258f (webtiles) character file.

Game seed: 14745136879040740966

158 tizbic2 the Shooter (level 5, -2/31 HPs)
             Began as a Deep Elf Hunter on Aug 6, 2022.
             Was a Believer of Qazlal.
             Slain by an ogre
             ... wielding a +0 giant club
              (14 damage)
             ... on level 3 of the Dungeon.
             The game lasted 00:14:47 (3674 turns).

tizbic2 the Shooter (Deep Elf Hunter)               Turns: 3674, Time: 00:14:49

Health: -2/31      AC: 10    Str: 11    XL:     5   Next: 16%
Magic:  10/10      EV:  9    Int: 16    God:    Qazlal [**....]
Gold:   102        SH:  3    Dex: 15    Spells: 4/9 levels left

rFire   . . .      SeeInvis .   a - +0 dagger (drain)
rCold   . . .      Faith    .   (no shield)
rNeg    . . .      Spirit   .   q - +0 chain mail
rPois   .          Reflect  .   (no helmet)
rElec   .          Harm     .   (no cloak)
rCorr   .          Rampage  .   g - +1 pair of gloves
Will    .....                   (no boots)
Stlth   ..........              (no amulet)
HPRegen 0.10/turn               b - +4 ring of evasion
MPRegen 0.12/turn               (no ring)

@: no status effects
A: no striking features
a: Renounce Religion, Upheaval


You were on level 3 of the Dungeon.
You worshipped Qazlal.
Qazlal was pleased with you.
You visited 1 branch of the dungeon, and saw 4 of its levels.

You collected 102 gold pieces.

Inventory:

Hand Weapons
 a - a +0 dagger of draining (weapon)
 w - a +1 shortbow
Missiles
 d - 7 arrows
 e - 113 stones (quivered)
 i - 5 poisoned darts
 n - a boomerang
Armour
 c - a +0 leather armour
 g - a +1 pair of gloves (worn)
 m - a +0 ring mail
 q - a +0 chain mail (worn)
Jewellery
 b - a +4 ring of evasion (left hand)
Potions
 f - 2 potions of heal wounds {unknown}
 h - a potion of flight
 j - a potion of brilliance {unknown}
 l - a potion of cancellation {unknown}
 o - 2 potions of berserk rage {unknown}
 p - a potion of might {unknown}


   Skills:
 + Level 2.4 Fighting
 * Level 7.0 Bows
 - Level 2.4 Dodging
 - Level 1.2 Stealth
 + Level 2.6 Spellcasting
 + Level 1.5 Invocations


You had 4 spell levels left.
You knew the following spells:

 Your Spells              Type           Power      Damage    Failure   Level
a - Ensorcelled Hibernat  Hex/Ice        4%         N/A       100%        2
b - Swiftness             Air            2%         N/A       100%        3

Your spell library contained the following spells:

 Spells                   Type           Power      Damage    Failure   Level
 Passwall                 Tmut/Erth      1%         N/A       100%        2


Dungeon Overview and Level Annotations

Branches:
Dungeon (4/15)
 Temple: D:4-7

Altars:
Qazlal

Shops:
D:4 [


Message History

Found a leather armour.
You see here a +0 leather armour.
You aren't carrying any scrolls.
There is a stone staircase leading down here.
You climb downwards.
The ogre shouts!
Found 12 gold pieces.
Found Meurghitz's Antique Armour Boutique.
Found a stone staircase leading up.
There is a stone staircase leading up here.
The ogre barely misses you.
You climb upwards.
There is a stone staircase leading down here.
Throw: 9 darts (poison)
Press: ? - help, Shift-Dir - straight line, f - ogre
Aim: an ogre, wielding a +0 giant club (74% to hit)
You throw a poisoned dart.
The poisoned dart barely misses the ogre.
Throw: 8 darts (poison)
Press: ? - help, Shift-Dir - straight line, f/p - ogre
Aim: an ogre, wielding a +0 giant club (74% to hit)
You throw a poisoned dart. The poisoned dart hits the ogre.
The ogre is poisoned.
You block the ogre's attack.
The ogre looks more healthy.
Throw: 7 darts (poison)
Press: ? - help, Shift-Dir - straight line, f/p - ogre
Aim: an ogre, wielding a +0 giant club (lightly wounded, 74% to hit)
You throw a poisoned dart. The poisoned dart hits the ogre.
The ogre is poisoned.
The ogre is lightly wounded.
The ogre hits you with a +0 giant club!!
Ouch! That really hurt!
Throw: 6 darts (poison)
Press: ? - help, Shift-Dir - straight line, f/p - ogre
Aim: an ogre, wielding a +0 giant club (moderately wounded, poisoned, 74% to hit)
You throw a poisoned dart. The poisoned dart hits the ogre.
The ogre is moderately wounded.
The ogre hits you with a +0 giant club!
You die...

#.########.......# #.# #.#
#†###### #.......# #.# #.#
.......# #.......# #.# #.#
.......# #.......# #.# #.#
.......# ######### #.# #.#
#.###### #.# #.# #.# #.# #.#
#.###################.# #.#
.....(....(....O@.....# #.#
#.##################### #.#
#.#############################.#
#....†.....[....................#
#################################


You could see an ogre (poisoned).

Vanquished Creatures
  2 orc wizards (D:3)
  2 adders
  A worm (D:2)
  3 dart slugs
  7 orcs (D:3)
  3 endoplasms (D:1)
  4 giant cockroaches
  5 goblins
  6 hobgoblins
  12 jackals (D:3)
  4 kobolds (D:1)
  3 quokkas
  2 ball pythons
  5 bats
  4 frilled lizards
  6 rats
69 creatures vanquished.

Vanquished Creatures (others)
  2 withered plants (D:1)
2 creatures vanquished.

Grand Total: 71 creatures vanquished

Notes
Turn   | Place    | Note
-------+----------+-------------------------------------------
     0 | D:1      | tizbic2 the Deep Elf Hunter began the quest for the Orb.
     0 | D:1      | Reached XP level 1. HP: 12/12 MP: 3/3
    15 | D:1      | Found a faded altar of an unknown god.
    25 | D:1      | Prayed at the altar of an unknown god.
    25 | D:1      | Became a worshipper of Qazlal Stormbringer
    25 | D:1      | Reached * piety under Qazlal
   504 | D:1      | Reached skill level 1 in Spellcasting
   504 | D:1      | Reached XP level 2. HP: 17/17 MP: 5/5
  1026 | D:1      | Reached skill level 6 in Bows
  1230 | D:1      | Reached XP level 3. HP: 6/21 MP: 7/7
  1746 | D:2      | Reached ** piety under Qazlal
  1892 | D:2      | Learned a level 2 spell: Ensorcelled Hibernation
  1896 | D:2      | Learned a level 3 spell: Swiftness
  2515 | D:3      | Reached XP level 4. HP: 26/26 MP: 9/9
  2572 | D:3      | Reached skill level 1 in Invocations
  3224 | D:3      | Reached XP level 5. HP: 21/31 MP: 10/10
  3534 | D:3      | Reached skill level 7 in Bows
  3643 | D:4      | Noticed an ogre
  3643 | D:4      | Found Meurghitz's Antique Armour Boutique.
  3674 | D:3      | Slain by an ogre

Illustrated notes

Levels and vault maps discovered:
D:1:      psy_arrival_conway, layout_rooms, ebering_ecumenical_altar_petrified,
          serial_co_window_serial, co_window_paths_b, co_window_paths_a,
          co_window_corner_a, co_window_paths_b, co_window_cross_1,
          co_window_unsneaky_path_c, co_window_paths_c, co_window_broadway_a,
          co_window_broadway_b, co_window_of_opportunity_b, glass_columns_a,
          glass_columns_c, glass_columns_b, glass_columns_a, st_stairs_1
D:2:      layout_basic, minmay_tetromino_s2
D:3:      layout_basic, grunt_ministairs_11, kennysheep_generic_room_14
D:4:      layout_layer_cave, serial_shops, kennysheep_little_box,
          nicolae_shop_overgrown_old_shop, uniq_pikel, uniq_eustachio

Skill      XL: |  1  2  3  4  5 |
---------------+----------------+-----
Spellcasting   | 1 2 |  2.6
Bows           | 6 7 |  7.0
Fighting       | 2 |  2.4
Invocations    | 1 |  1.5
Dodging        | |  2.4
Stealth        | |  1.2

Action                   |  1- 3 |  4- 6 || total
-------------------------+-------+-------++-------
Melee: Dagger            |    92 |   119 ||   211
 Fire: Shortbow          |    92 |    22 ||   114
Throw: Stone             |    18 |       ||    18
       Dart              |       |     4 ||     4
 Cast: Swiftness         |     1 |       ||     1
  Use: Scroll            |     5 |     2 ||     7
       Potion            |       |     1 ||     1
Armor: Leather armour    |    38 |     1 ||    39
       Ring mail         |       |    47 ||    47
       Chain mail        |       |     7 ||     7
Dodge: Dodged            |    95 |   157 ||   252
Block: Other             |    11 |    27 ||    38
